 Dungeon Crawl Stone Soup version 0.24.0-123-gd5b16e6ec5 (webtiles) character file.

Game seed: 11446097028501747918, levelgen mode: deterministic

233 Nattfarinn the Caller (level 6, 0/46 HPs)
             Began as a Barachi Summoner on Jan 19, 2020.
             Slain by an orc warrior
             ... wielding a +0 trident
              (14 damage)
             ... on level 4 of the Dungeon.
             The game lasted 00:18:00 (5266 turns).

Nattfarinn the Caller (Barachi Summoner)            Turns: 5266, Time: 00:18:01

Health: 0/46       AC:  4    Str: 10    XL:     6   Next: 5%
Magic:  0/10       EV: 12    Int: 17    God:
Gold:   141        SH:  0    Dex: 12    Spells: 1/11 levels left

rFire    . . .     SeeInvis .   m - +0 short sword
rCold    . . .     Gourm    +   (no shield)
rNeg     + . .     Faith    .   a - +0 robe
rPois    .         Spirit   .   (no helmet)
rElec    .         Reflect  .   (no cloak)
rCorr    .         Harm     .   j - +0 pair of gloves
MR       .....                  f - +0 pair of boots
Stlth    ++........             d - amulet of the gourmand
HPRegen  0.15/turn              q - ring of positive energy
MPRegen  0.12/turn              (no ring)

@: can't hop, slow
A: +LOS, swims, slowness 1, strong legs 1
a: Hop


You were on level 4 of the Dungeon.
You were not hungry.

You visited 1 branch of the dungeon, and saw 5 of its levels.

You collected 141 gold pieces.

Inventory:

Hand Weapons
 m - a +0 short sword (weapon)
Missiles
 e - 8 poisoned darts (quivered)
Armour
 a - a +0 robe (worn)
 f - a +0 pair of boots (worn)
 j - a +0 pair of gloves (worn)
Jewellery
 d - an amulet of the gourmand (around neck)
 q - a ring of positive energy (left hand)
 s - an uncursed amulet of faith
Wands
 w - a wand of digging (3)
Scrolls
 b - a scroll of fear
 g - a scroll of magic mapping {unknown}
 i - a scroll of enchant armour {unknown}
 k - a scroll of identify
 u - a scroll of remove curse
Potions
 h - a potion of brilliance {unknown}
 n - a potion of magic {unknown}
 o - a potion of invisibility {unknown}
 p - a potion of cancellation {unknown}
 t - a potion of heal wounds {unknown}
 v - 2 potions of berserk rage {unknown}
Comestibles
 c - 6 rations


   Skills:
 - Level 2.4 Fighting
 - Level 2.2 Armour
 - Level 2.1 Dodging
 - Level 1.7 Stealth
 - Level 3.0 Spellcasting
 + Level 6.4 Summonings
 * Level 2.4 Air Magic


You had one spell level left.
You knew the following spells:

 Your Spells              Type           Power        Failure   Level  Hunger
a - Summon Small Mammal   Summ           ###.         1%          1    None
b - Call Imp              Summ           ###.....     1%          2    ##.....
c - Call Canine Familiar  Summ           ###.....     3%          3    ###....
d - Summon Lightning Spi  Summ/Air       ###.....     28%         4    ####...

Your spell library contained the following spells:

 Spells                   Type           Power        Failure   Level  Hunger
 Summon Guardian Golem    Hex/Summ       ##......     14%         3    ###....
 Summon Ice Beast         Ice/Summ       ##......     41%         4    ####...


Dungeon Overview and Level Annotations

Branches:
Dungeon (5/15)
 Temple: D:4-7

Altars:
Trog


Innate Abilities, Weirdness & Mutations

Shadows flee at your approach. (+LOS)
You can swim through water.
You cover ground slowly.
You can hop short distances.


Message History

An electric hum fills the air.
The orc warrior is too close now for your liking.
Casting: Summon Lightning Spire (quite dangerous; 28% risk of failure)
Confirm with . or Enter, or press ? or * to list all spells.
A beastly little devil appears in a puff of frigid air.
Your white imp hits the orc warrior but does no damage.
Your white imp gestures at the orc warrior.
The puff of frost hits the orc warrior.
Your crimson imp hits the orc warrior but does no damage.
Your white imp hits the orc warrior but does no damage.
The orc warrior hits your white imp with a +0 trident!
Your white imp dies!
The orc warrior shouts!
Your crimson imp closely misses the orc warrior.
Casting: Call Imp (safe; 1% risk of failure)
Confirm with . or Enter, or press ? or * to list all spells.
A beastly little devil appears in a puff of flame.
You swap places.
Your crimson imp hits the orc warrior.
The orc warrior hits you from afar with a +0 trident!
You die...

##################
.o....##.........#
#####.##.#######.# #.##.#.....#.#
#o##.#.###.#.# ######
#.##...<...#@# #....#
#.##########5# #....#
#####.#........#o###....#########
............5o.5.................
......#.######...################
......#.# ######..........# #
......#.# #..........# #
......#.###########..........####
.............................'..#


You could see an orc warrior and 2 friendly crimson imps.

Vanquished Creatures
  An ooze (D:2)
  A leopard gecko (D:4)
  2 giant cockroaches
  A goblin (D:3)
  4 hobgoblins (D:3)
  4 jackals (D:4)
  2 kobolds (D:2)
  8 rats
23 creatures vanquished.

Vanquished Creatures (collateral kills)
  2 ogres
  An orc wizard (D:4)
  An orc priest (D:4)
  A worker ant (D:4)
  4 adders
  An ooze (D:1)
  A dart slug (D:2)
  3 worms
  6 leopard geckos
  4 orcs
  5 bats
  A giant cockroach (D:1)
  4 goblins
  6 jackals
  A quokka (D:2)
  2 frilled lizards
  3 kobolds
  3 rats (D:2)
49 creatures vanquished.

Grand Total: 72 creatures vanquished

Notes
Turn   | Place    | Note
-------+----------+-------------------------------------------
     0 | D:1      | Nattfarinn the Barachi Summoner began the quest for the
                  | Orb.
     0 | D:1      | Reached XP level 1. HP: 13/13 MP: 3/3
   328 | D:1      | Reached skill level 5 in Summonings
   368 | D:1      | Reached XP level 2. HP: 16/20 MP: 1/5
   728 | D:1      | Reached skill level 1 in Fighting
   941 | D:1      | Reached skill level 1 in Armour
  1443 | D:2      | Learned a level 2 spell: Call Imp
  1656 | D:2      | Reached XP level 3. HP: 26/26 MP: 3/6
  2300 | D:2      | Noticed a moth of wrath
  2301 | D:2      | Found a bloodstained altar of Trog.
  2668 | D:3      | Learned a level 3 spell: Call Canine Familiar
  2718 | D:3      | Reached XP level 4. HP: 31/33 MP: 4/8
  3355 | D:4      | Noticed an ogre
  3381 | D:4      | Killed an ogre
  3381 | D:4      | Reached skill level 6 in Summonings
  3381 | D:4      | Reached XP level 5. HP: 10/39 MP: 2/9
  3668 | D:4      | Learned a level 4 spell: Summon Lightning Spire
  3748 | D:4      | Noticed an orc warrior
  4107 | D:4      | Reached skill level 1 in Air Magic
  5130 | D:5      | Entered Level 5 of the Dungeon
  5130 | D:5      | Noticed an ogre
  5135 | D:5      | Killed an ogre
  5135 | D:5      | Reached XP level 6. HP: 46/46 MP: 3/10
  5168 | D:5      | Noticed an orc warrior
  5169 | D:5      | Noticed an orc warrior
  5170 | D:5      | Noticed an orc warrior
  5266 | D:4      | Slain by an orc warrior

Levels and vault maps discovered:
D:1:      minmay_arrival_nine_rooms, layout_basic
D:2:      layout_loops_ring, tgw_trog, first_ration, serial_bayou_pond_b
D:3:      layout_basic
D:4:      layout_basic
D:5:      layout_cave_pools, minmay_temple_entry_butterflies, sword_in_stone,
          uniq_grinder

Skill      XL: |  1  2  3  4  5 |
---------------+----------------+-----
Summonings     | 5 6 |  6.4
Fighting       | 1 2 |  2.4
Armour         | 1 2 |  2.2
Spellcasting   | 3 |  3.0
Air Magic      | 2 |  2.4
Dodging        | |  2.1
Stealth        | |  1.7

Action                   |  1- 3 |  4- 6 || total
-------------------------+-------+-------++-------
Melee: Unarmed           |    50 |       ||    50
       Short sword       |    49 |    61 ||   110
 Cast: Summon Small Mamm |    35 |     3 ||    38
       Call Imp          |    13 |    28 ||    41
       Call Canine Famil |     2 |     9 ||    11
       Summon Lightning  |       |     1 ||     1
 Abil: Hop               |     1 |     3 ||     4
  Use: Scroll            |     2 |     4 ||     6
       Potion            |     1 |     2 ||     3
 Stab: Sleeping          |     1 |     2 ||     3
  Eat: Chunk             |     8 |    12 ||    20
       Ration            |       |     1 ||     1
Armor: Robe              |    36 |    15 ||    51
       Skin              |       |     2 ||     2
Dodge: Dodged            |   102 |    38 ||   140
